 Dungeon Crawl Stone Soup version 0.31.0-12-g77e489cdc1 (webtiles) character file.

Game seed: 5956847171596372430

20106 SIGMABALLS the Protected (level 12, -4/112 HPs)
             Began as a Minotaur Fighter on Mar 2, 2024.
             Was an Initiate of Gozag.
             Slain by a 15-headed hydra (6 damage)
             ... on level 1 of the Lair of Beasts.
             The game lasted 00:23:30 (12669 turns).

SIGMABALLS the Protected (Minotaur Fighter)        Turns: 12669, Time: 00:23:30

Health: -4/112     AC: 28    Str: 27    XL:     12   Next: 42%
Magic:  11/11      EV: 10    Int:  5    God:    Gozag
Gold:   617        SH: 11    Dex:  9    Spells: 11/11 levels left

rFire   . . .        a - +0 war axe
rCold   . . .        c - +0 buckler
rNeg    . . .        A - +3 plate armour
rPois   .            s - +1 hat
rElec   .            G - +1 cloak {Will+}
rCorr   .            n - +0 pair of gloves
SInv    .            w - +0 pair of boots
Will    +....        C - amulet of reflection Stlth
                     m - +4 ring of protection
HPRegen 0.38/turn    d - +4 ring of slaying
MPRegen 0.12/turn

%: reflection
@: no status effects
A: horns 2, retaliatory headbutt
a: Renounce Religion, Potion Petition, Call Merchant, Bribe Branch


You were on level 1 of the Lair of Beasts.
You worshipped Gozag.
Gozag was pleased with you.
You visited 3 branches of the dungeon, and saw 14 of its levels.
You also visited: Sewer.

You collected 2356 gold pieces.
You spent 1452 gold pieces at shops.
You paid 287 gold pieces to Gozag.

Inventory:

Hand Weapons
 a - a +0 war axe (weapon)
 D - the +5 Lochaber axe {reach-cleave, Poleaxe ^Drain}
   (You bought it in a shop on level 10 of the Dungeon)

   Poleaxe:   It uses either Axes or Polearms skill, whichever is higher.
   ^Drain:    It drains your maximum health when unequipped.
Missiles
 p - 2 throwing nets (quivered)
Armour
 c - a +0 buckler (worn)
 n - a +0 pair of gloves (worn)
 s - a +1 hat (worn)
 w - a +0 pair of boots (worn)
 A - a +3 plate armour (worn)
 G - a +1 cloak of willpower (worn)
Jewellery
 d - a +4 ring of slaying (right hand)
 m - a +4 ring of protection (left hand)
 z - a ring of ice
 C - an amulet of reflection (around neck)
 E - a ring of poison resistance
 J - a ring of see invisible
Wands
 k - a wand of charming (8)
 y - a wand of iceblast (16)
Scrolls
 b - a scroll of vulnerability
 e - a scroll of brand weapon {unknown}
 f - a scroll of noise
 g - 2 scrolls of amnesia
 l - a scroll of poison
 r - 2 scrolls of immolation
 t - 2 scrolls of identify
 u - a scroll of enchant armour
 v - 5 scrolls of teleportation
 x - 4 scrolls of fear
 I - a scroll of fog
Potions
 h - 2 potions of degeneration
 i - a potion of ambrosia
 j - 2 potions of magic
 o - 2 potions of cancellation
 q - 2 potions of haste
 B - a potion of brilliance
 F - a potion of resistance {unknown}
 H - 2 potions of curing
 K - a potion of berserk rage {unknown}


   Skills:
 * Level 11.8 Fighting
 * Level 11.5 Axes
 * Level 11.8 Armour
 * Level 10.2 Dodging
 - Level 10.2 Shields
 + Level 4.2 Evocations


You had 11 spell levels left.
You didn't know any spells.
Your spell library contained the following spells:

 Spells                   Type           Power      Damage    Failure   Level
 Apportation              Tloc           0%         N/A       99%         1
 Necrotise                Necr           0%         1d4       99%         1
 Slow                     Hex            0%         N/A       99%         1
 Sting                    Conj/Alch      0%         1d3       99%         1
 Summon Small Mammal      Summ           0%         N/A       99%         1
 Call Imp                 Summ           0%         N/A       100%        2
 Scorch                   Fire           0%         2d5       100%        2
 Sublimation of Blood     Necr           0%         N/A       100%        2
 Call Canine Familiar     Summ           0%         N/A       100%        3
 Confusing Touch          Hex            0%         N/A       100%        3
 Fugue of the Fallen      Necr           0%         N/A       100%        3
 Hailstorm                Conj/Ice       0%         3d5       100%        3
 Ozocubu's Armour         Ice            0%         N/A       100%        3
 Sigil of Binding         Hex            0%         N/A       100%        3
 Summon Ice Beast         Ice/Summ       0%         N/A       100%        3
 Tukima's Dance           Hex            0%         N/A       100%        3
 Vampiric Draining        Necr           0%         2d6       100%        3
 Volatile Blastmotes      Fire/Tloc      0%         2d10      100%        3
 Cause Fear               Hex            0%         N/A       100%        4
 Flame Wave               Conj/Fire      0%         2d4       100%        4
 Fulminant Prism          Conj/Alch      0%         3d5       100%        4
 Iskenderun's Mystic Bla  Conj/Tloc      0%         2d3       100%        4
 Manifold Assault         Tloc           0%         N/A       100%        4
 Passage of Golubria      Tloc           0%         N/A       100%        4
 Summon Blazeheart Golem  Fire/Summ      0%         N/A       100%        4
 Fireball                 Conj/Fire      0%         3d3       100%        5
 Yara's Violent Unravell  Hex/Alch       0%         3d3       100%        5
 Sculpt Simulacrum        Ice/Alch       0%         N/A       100%        6
 Summon Cactus Giant      Summ           0%         N/A       100%        6
 Summon Hydra             Summ           0%         N/A       100%        7
 Dragon's Call            Summ           0%         N/A       100%        9


Dungeon Overview and Level Annotations

Branches:
Dungeon (11/15)            Temple (1/1) D:4            Lair (2/5) D:9
    Orc (0/2) D:10          Sewer (visited)
  Swamp: Lair:2-3    Shoals: Lair:2-3     Snake: Lair:2-3    Spider: Lair:2-3

Altars:
Ashenzari
Cheibriados
Dithmenos
Elyvilon
Fedhas
Gozag
Hepliaklqana
Kikubaaqudgha
Makhleb
Nemelex Xobeh
Okawaru
Qazlal
Ru
Sif Muna
Trog
Uskayaw
Vehumet
Wu Jian
Xom
Yredelemnul
Zin
The Shining One

Shops:
D:1 ?   D:3 !   D:5 *!*   D:7 (=*=   D:10 (   D:11 [[(?

Annotations:
Temple 2 transporters


Innate Abilities, Weirdness & Mutations

You have a pair of horns on your head.
You reflexively headbutt those who attack you in melee.


Message History

The 12-headed hydra bites you but does no damage. x3
The 12-headed hydra barely misses you.
You lop one of the 12-headed hydra's heads off!
The 11-headed hydra grows two more!
You hit the 13-headed hydra. You headbutt the 13-headed hydra.
The 13-headed hydra is heavily wounded.
You block the 13-headed hydra's attack. The 13-headed hydra misses you.
You block the 13-headed hydra's attack.
The 13-headed hydra bites you but does no damage.
The 13-headed hydra bites you!
* * * LOW HITPOINT WARNING * * *
The 13-headed hydra closely misses you. The 13-headed hydra barely misses you.
The 13-headed hydra bites you but does no damage. x3
The 13-headed hydra bites you.
* * * LOW HITPOINT WARNING * * *
The 13-headed hydra bites you but does no damage.
The 13-headed hydra misses you.
You lop one of the 13-headed hydra's heads off!
The 12-headed hydra grows two more!
You slice the 14-headed hydra!! You headbutt the 14-headed hydra!
The 14-headed hydra is severely wounded.
Unknown command.
You slice one of the 14-headed hydra's heads off!
The 13-headed hydra grows two more!
You hit the 15-headed hydra. You headbutt the 15-headed hydra!
The 15-headed hydra is severely wounded.
The 15-headed hydra bites you but does no damage. x2
You block the 15-headed hydra's attack. x2
The 15-headed hydra completely misses you.
The 15-headed hydra bites you.
* * * LOW HITPOINT WARNING * * *
The 15-headed hydra bites you.
* * * LOW HITPOINT WARNING * * *
The 15-headed hydra bites you.
* * * LOW HITPOINT WARNING * * *
The 15-headed hydra misses you.
The 15-headed hydra bites you but does no damage.
The 15-headed hydra bites you.
You die...
Your body crumbles into a pile of gold.

#........# #........#
#.... ##........#
#.... #P.......(#
#....###........#
#....##.........#
#...# #........#
#....##.....D..#
#...##......@..#
#..............#
#..............#
#..............#
##..###........##
#...###.........#
##...#.........##
#####..............##
....................#


You could see a 15-headed hydra.

Vanquished Creatures
  Snorg (D:10)
  Fannar (D:10)
  A boulder beetle (D:6)
  2 two-headed ogres (D:9)
  3 death yaks
  An ugly thing (D:6)
  A manticore (D:6)
  5 elephants (Lair:1)
  A black mamba (Lair:1)
  A torpor snail (Lair:1)
  Jeremiah (D:8)
  3 komodo dragons (Lair:1)
  3 trolls
  5 blink frogs (Lair:1)
  4 dream sheep (Lair:1)
  2 shadows
  20 yaks
  A fire elemental (Lair:1)
  A basilisk (Lair:1)
  2 steam dragons
  Edmund (D:6)
  An acid dragon (D:11)
  3 water moccasins
  3 black bears
  2 ice beasts (D:6)
  2 orc warriors
  2 laughing skulls (D:10)
  A crocodile (Sewer)
  An ogre (D:5)
  14 wolves (Lair:1)
  6 centaurs (D:11)
  A phantom (D:6)
  5 kobold brigands
  A brain worm (Sewer)
  3 bullfrogs
  2 scorpions
  4 killer bees (D:10)
  3 howler monkeys (D:6)
  A gnoll bouda (D:5)
  6 hounds
  A bombardier beetle (D:4)
  An orc priest (D:7)
  2 sleepcaps
  5 iguanas
  2 hell rats (D:9)
  3 orc wizards
  Natasha (thrice) (D:2)
  Robin (D:2)
  5 gnolls (D:5)
  8 adders
  A river rat (D:9)
  A shadow imp (D:7)
  An ufetubus (D:6)
  A dart slug (D:5)
  4 ribbon worms
  15 orcs
  6 ball pythons
  9 bats
  6 endoplasms
  6 giant cockroaches
  17 goblins
  12 hobgoblins
  22 kobolds
  2 quokkas
  6 frilled lizards
  6 rats
267 creatures vanquished.

Vanquished Creatures (collateral kills)
  A hornet (D:7)
  2 ufetubi (D:7)
3 creatures vanquished.

Grand Total: 270 creatures vanquished

Notes
Turn   | Place    | Note
-------+----------+-------------------------------------------
     0 | D:1      | SIGMABALLS the Minotaur Fighter began the quest for the
                  | Orb.
     0 | D:1      | Reached XP level 1. HP: 19/19 MP: 0/0
    45 | D:1      | Found Ubag's Magic Scroll Shop.
    56 | D:1      | Reached XP level 2. HP: 18/27 MP: 1/1
   311 | D:1      | Found a faded altar of an unknown god.
   544 | D:2      | Noticed Robin
   555 | D:2      | Reached skill level 1 in Dodging
   555 | D:2      | Reached XP level 3. HP: 30/33 MP: 2/2
   572 | D:2      | Killed Robin
   934 | D:2      | Noticed Natasha
   948 | D:2      | Killed Natasha
   949 | D:2      | Reached XP level 4. HP: 37/41 MP: 3/3
  1222 | D:2      | Noticed Natasha
  1224 | D:2      | Killed Natasha
  1261 | D:2      | Noticed Natasha
  1268 | D:2      | Killed Natasha
  1269 | D:2      | Reached XP level 5. HP: 47/47 MP: 4/4
  1634 | D:3      | Identified the +2 ring mail of Caafurur {Str+3 Int-4}
  1793 | D:3      | Found Xyzxihuv's Distillery.
  3144 | D:4      | Found a staircase to the Ecumenical Temple.
  3216 | D:5      | Entered Level 5 of the Dungeon
  3246 | D:5      | Found Voykih's General Store.
  3255 | D:5      | Bought a scroll of identify for 24 gold pieces
  3255 | D:5      | Bought a scroll of enchant armour for 90 gold pieces
  3255 | D:5      | Bought a scroll of teleportation for 36 gold pieces
  3388 | D:5      | Reached skill level 5 in Fighting
  3388 | D:5      | Reached XP level 6. HP: 56/56 MP: 5/5
  3402 | D:5      | Reached skill level 5 in Armour
  3402 | D:5      | Reached skill level 5 in Shields
  4020 | D:5      | Reached XP level 7. HP: 61/61 MP: 6/6
  4048 | D:5      | Found Rimebith's General Store.
  4053 | D:5      | Bought a +0 pair of boots for 45 gold pieces
  4053 | D:5      | Bought a scroll of fear for 40 gold pieces
  4125 | D:5      | Found a burning altar of Makhleb.
  4132 | D:5      | Identified the +2 robe of Limited Liability {rElec Regen+
                  | Str-5 Dex+2 Archmagi}
  4181 | D:5      | Found Abadubuq's Distillery.
  4358 | D:6      | Found a glowing drain.
  4379 | Sewer    | Entered a sewer
  4445 | Sewer    | Reached skill level 5 in Axes
  4573 | D:6      | Noticed Edmund
  4589 | D:6      | Killed Edmund
  4590 | D:6      | Reached XP level 8. HP: 21/70 MP: 7/7
  5338 | D:7      | Found Hyonye's Jewellery Shoppe.
  5496 | D:7      | Reached skill level 5 in Dodging
  5657 | D:7      | Found Ruf Ziakh's Jewellery Shoppe.
  6024 | D:7      | Noticed a hornet
  6036 | D:7      | Killed a hornet
  6037 | D:7      | Reached XP level 9. HP: 33/79 MP: 8/8
  6246 | D:7      | Found Ygamuuc's General Store.
  6387 | D:7      | Found Vew Pow's Weapon Boutique.
  6548 | D:6      | Noticed a boulder beetle
  6578 | D:6      | Killed a boulder beetle
  6670 | D:6      | Noticed a cyan ugly thing
  6682 | D:6      | Killed a cyan ugly thing
  6697 | D:6      | Noticed a manticore
  6719 | D:6      | Killed a manticore
  6720 | D:6      | Reached XP level 10. HP: 53/90 MP: 9/9
  7001 | Temple   | Found a transporter.
  7001 | Temple   | Found a transporter.
  7001 | Temple   | Found a transporter.
  7001 | Temple   | Found a transporter.
  7001 | Temple   | Entered the Ecumenical Temple
  7020 | Temple   | Became a worshipper of Gozag Ym Sagoz the Greedy
  7198 | D:8      | Noticed Jeremiah
  7546 | D:8      | Killed Jeremiah
  8045 | D:9      | Reached skill level 1 in Evocations
  8207 | D:9      | Noticed a death yak
  8225 | D:9      | Killed a death yak
  8226 | D:9      | Found a staircase to the Lair.
  8228 | D:9      | Noticed a death yak
  8228 | D:9      | Noticed a death yak
  8508 | D:8      | Killed a death yak
  8572 | D:9      | Killed a death yak
  8739 | D:9      | Reached XP level 11. HP: 99/99 MP: 10/10
  8940 | D:9      | Noticed a two-headed ogre
  8943 | D:9      | Killed a two-headed ogre
  9329 | D:9      | Noticed a two-headed ogre
  9335 | D:9      | Killed a two-headed ogre
  9336 | D:9      | Reached skill level 10 in Fighting
  9336 | D:9      | Reached skill level 10 in Armour
  9336 | D:9      | Reached skill level 10 in Shields
  9630 | D:9      | Found an iron altar of Okawaru.
  9661 | D:9      | Found a broken altar of Ashenzari.
  9737 | D:10     | Entered Level 10 of the Dungeon
  9998 | D:10     | Noticed Fannar
 10023 | D:10     | Killed Fannar
 10121 | D:10     | Found Gitatt's Weapon Boutique.
 10129 | D:10     | Bought the +5 Lochaber axe {reach-cleave, Poleaxe ^Drain}
                  | for 531 gold pieces
 10129 | D:10     | Found the +5 Lochaber axe {reach-cleave, Poleaxe ^Drain}
 10157 | D:10     | Found Hiut's Serpentskin Sales.
 10205 | D:10     | Reached skill level 10 in Axes
 10326 | D:10     | Found a staircase to the Orcish Mines.
 10449 | D:10     | Noticed Snorg
 10473 | D:10     | Killed Snorg
 10904 | D:7      | Bought a ring of poison resistance for 320 gold pieces
 10991 | D:11     | Found Bolatuv's Antique Armour Boutique.
 11046 | D:11     | Found Zunn's Antique Weapon Shoppe.
 11054 | D:11     | Bought a glowing cloak for 210 gold pieces
 11399 | D:11     | Found Xibuat's Magic Scroll Shop.
 11404 | D:11     | Bought a scroll of fear for 52 gold pieces
 11404 | D:11     | Bought a scroll of fog for 52 gold pieces
 11404 | D:11     | Bought a scroll of fear for 52 gold pieces
 11488 | D:11     | Found Dolotiw's Antique Armour Boutique.
 11714 | Lair:1   | Entered Level 1 of the Lair of Beasts
 11863 | Lair:1   | Reached XP level 12. HP: 69/110 MP: 11/11
 12165 | Lair:1   | Reached skill level 10 in Dodging
 12606 | Lair:1   | You fall into a shaft and drop 1 floor!
 12653 | Lair:1   | Noticed an eight-headed hydra
 12669 | Lair:1   | HP: 2/112 [15-headed hydra (6)]
 12669 | Lair:1   | Slain by a 15-headed hydra

Illustrated notes

Levels and vault maps discovered:
D:1:      dpeg_arrival_windows_large_door, layout_rooms, serial_shops, shop,
          dreamdust_ecumenical_altar_grove, minmay_tromino_v2
D:2:      layout_loops_ring, kennysheep_generic_room_15, uniq_robin,
          uniq_natasha
D:3:      layout_loops_ring, serial_shops, shop
D:4:      layout_layer_cave, temple_green, nicolae_letterblocks
          [nicolae_letter_subblock, nicolae_letter_subblock,
          nicolae_letter_subblock, nicolae_letter_subblock,
          nicolae_letter_subblock, nicolae_letter_subblock,
          nicolae_letter_subblock, nicolae_letter_subblock,
          nicolae_letter_subblock, nicolae_letter_subblock,
          nicolae_letter_subblock, nicolae_letter_subblock,
          nicolae_letter_subblock, nicolae_letter_subblock,
          nicolae_letter_subblock, nicolae_letter_subblock,
          nicolae_letter_subblock, nicolae_letter_subblock,
          nicolae_letter_subblock, nicolae_letter_subblock,
          nicolae_letter_subblock, nicolae_letter_subblock,
          nicolae_letter_subblock, nicolae_letter_subblock,
          nicolae_letter_subblock]
D:5:      nicolae_cairo_tiling, layout_loops_ring, bloody_makhleb, serial_shops,
          shop, shop, nicolae_shop_tiny_glass
D:6:      minmay_klotski, layout_loops_ring, gup_sewer_entry_glass, uniq_edmund
D:7:      layout_basic, serial_shops, shop, nicolae_shop_crystal, shop, shop
D:8:      layout_rooms, st_stairs_13, uniq_jeremiah
D:9:      layout_loops_corners, mainiacjoe_overflow_two_lobes,
          dpeg_lair_monsters
D:10:     layout_long_grid, orc_0_dummy, serial_shops, nicolae_stop_n_shop_2,
          guppyfry_shop_venom, uniq_snorg, uniq_fannar
D:11:     layout_loops_cross, serial_shops, shop_fountains, shop, shop,
          nicolae_shop_rolling_square
Temple:   hellmonk_temple_divided_pantheon
Lair:1:   layout_gridlike, beast_lair_carwin_8
Lair:2:   layout_cave_pods, basic_altar, kennysheep_rathole,
          infiniplex_staircase_pool, serial_bayou_shore_a

Skill      XL: |  1  2  3  4  5  6  7  8  9 10 11 12 |
---------------+-------------------------------------+-----
Fighting       | 4 5 6 7 8 9 11 | 11.8
Axes           | 3 4 5 6 8 9 10 11 | 11.5
Dodging        | 1 2 3 4 5 6 8 9 10 | 10.2
Armour         | 4 5 6 7 8 9 11 | 11.8
Shields        | 4 5 6 7 8 9 10 | 10.2
Evocations     | 2 3 4 |  4.2

Action                     |  1- 3 |  4- 6 |  7- 9 | 10-12 || total
---------------------------+-------+-------+-------+-------++-------
  Melee: War axe           |    64 |   137 |   161 |   388 ||   750
         Headbutt          |     5 |    26 |    38 |    94 ||   163
  Evoke: Wand              |       |       |       |     2 ||     2
    Use: Scroll            |       |     7 |     7 |     2 ||    16
         Potion            |       |     1 |     2 |     4 ||     7
   Stab: Distracted        |       |       |       |     1 ||     1
 Armour: Scale mail        |    55 |     6 |       |       ||    61
         Chain mail        |       |    14 |       |       ||    14
         Ring mail         |       |    58 |    31 |       ||    89
         Plate armour      |       |       |    89 |   419 ||   508
  Dodge: Dodged            |    32 |    87 |    83 |   168 ||   370
  Block: Buckler           |    18 |    37 |    33 |   220 ||   308
         Reflection        |       |       |       |     9 ||     9
